 Dungeon Crawl Stone Soup version 0.13.0-59-g13bd910 (webtiles) character file.

166 Seskara the Shooter (level 4, 0/35 HPs)
             Began as a Centaur Arcane Marksman on Nov 18, 2013.
             Was a Plaything of Xom.
             Slain by a kobold (4 damage)
             ... summoned by Xom
             ... on Level 2 of the Dungeon.
             The game lasted 00:29:41 (2269 turns).

Seskara the Shooter (Centaur Arcane Marksman)       Turns: 2269, Time: 00:29:41

HP   0/35        AC  5     Str 13      XL: 4   Next: 54%
MP   4/4         EV  7     Int 11      God: Xom
Gold 61          SH  0     Dex  9      Spells:  2 memorised,  3 levels left

Res.Fire  : . . .   See Invis. : .   h - +0 spear
Res.Cold  : . . .   Warding    : .   r - +0 ring mail
Life Prot.: . . .   Conserve   : .   (no shield)
Res.Poison: .       Res.Corr.  : .   (no helmet)
Res.Elec. : .       Clarity    : .   (no cloak)
Sust.Abil.: . .     Spirit.Shd : .   (no gloves)
Res.Mut.  : .       Stasis     : .   (no barding)
Res.Rott. : .       Flight     : .   (no amulet)
Saprovore : . . .                    (no ring)
                                     (no ring)

@: mildly poisoned, heavily drained, very quick, slightly resistant to hostile
enchantments, extremely unstealthy
A: hooves 3, deformed body, herbivore 1, speed 2, fast metabolism 1, tough skin
3, Int -2
a: Renounce Religion


You were on level 2 of the Dungeon.
You worshipped Xom.
You were a special plaything of Xom.
You were full.

You visited 1 branch of the dungeon, and saw 2 of its levels.

You collected 11 gold pieces.

Inventory:

Hand weapons
 b - a +1,+0 bow
 g - a -1,+1 orcish dagger (quivered)
 h - a +0,+0 spear (weapon)
Missiles
 c - 5 arrows
 l - 7 javelins of penetration
 n - 70 darts
 p - 2 large rocks
Armour
 e - a +0 buckler
 j - a +0 robe
 k - a +0 robe
 o - a +0 robe
 q - a +0 orcish ring mail
 r - a +0 ring mail (worn)
Comestibles
 f - 3 bread rations
 i - a chunk of goblin flesh
 m - a chunk of goblin flesh
Scrolls
 a - 2 scrolls of identify
Books
 d - a book of Debilitation

   Spells                             Type                      Level
   *Corona                            Hexes                        1
   *Slow                              Hexes                        2
   Inner Flame                        Hexes/Fire                   3
   Enslavement                        Hexes                        4
   Cause Fear                         Hexes                        4
   Leda's Liquefaction                Hexes/Earth                  4


   Skills:
 + Level 1.1(0.0) Fighting
 + Level 0.3(0.0) Polearms
 + Level 4.2(1.8) Bows
 + Level 0.7(0.0) Armour
 + Level 1.5(0.0) Dodging
 + Level 1.8(0.0) Spellcasting
 + Level 3.6(1.2) Hexes


You had 3 spell levels left.
You knew the following spells:

 Your Spells              Type           Power        Failure   Level  Hunger
a - Corona                Hex            #......      34%         1    ##.....
b - Slow                  Hex            #.......     52%         2    ###....


Dungeon Overview and Level Annotations

Branches:
Dungeon (2/27)

Altars:
Xom


Innate Abilities, Weirdness & Mutations

You have hooves in place of feet.
Armour fits poorly on your strangely shaped body.
You digest meat inefficiently.
You cover ground very quickly.
You have a fast metabolism.
You have extremely tough skin (AC +3).
You are dopey. (Int -2)


Message History

You barely miss the hobgoblin. Your kick misses the hobgoblin.
The hobgoblin is heavily wounded.
The kobold hits you.
* * * LOW HITPOINT WARNING * * *
The hobgoblin hits you with a club.
* * * LOW HITPOINT WARNING * * *
You hit the hobgoblin.
The hobgoblin is severely wounded.
The kobold barely misses you.
The hobgoblin hits you but does no damage.
You hit the hobgoblin.
You kill the hobgoblin!
The hobgoblin's corpse disappears in a puff of smoke!
The bat barely misses you. The kobold barely misses you.
You closely miss the kobold. The bat barely misses you. The kobold hits you.
* * * LOW HITPOINT WARNING * * *
You barely miss the bat. Your kick misses the bat. The bat barely misses you.
The kobold hits you.
You die... "What!?
That's it?"

#.# #.# #.# #.# #.#
#.# #.#
#.###############.#
#(..(..b@Kl.......#
#.#################


You could see a bat, a kobold and a giant newt.

Vanquished Creatures
  A sheep (shapeshifter) (D:2)
  4 adders (D:2)
  A giant mite (D:1)
  A giant gecko (D:2)
  10 bats
  2 giant cockroaches
  7 goblins
  8 hobgoblins
  A ball python (D:1)
  3 jackals (D:1)
  5 kobolds
  10 rats
53 creatures vanquished.

Notes
Turn   | Place    | Note
--------------------------------------------------------------
     0 | D:1      | Seskara, the Centaur Arcane Marksman, began the quest for the Orb.
     0 | D:1      | Reached XP level 1. HP: 16/16 MP: 1/1
    74 | D:1      | Reached skill level 3 in Hexes
    77 | D:1      | Reached XP level 2. HP: 21/23 MP: 2/2
   574 | D:1      | Learned a level 2 spell: Slow
   661 | D:1      | Reached XP level 3. HP: 28/28 MP: 2/4
  1038 | D:2      | Found a shimmering altar of Xom.
  1074 | D:2      | Became a worshipper of Xom of Chaos
  1182 | D:2      | XOM: harmless Chrm miscast
  1218 | D:2      | Reached skill level 4 in Bows
  1370 | D:2      | XOM: harmless Hex miscast
  1465 | D:2      | Reached XP level 4. HP: 32/35 MP: 4/4
  1591 | D:2      | XOM: mild Necr miscast
  1658 | D:2      | XOM: give mutation
  1658 | D:2      | Gained mutation: You are dopey. (Int -2) [Xom's mischief]
  1717 | D:2      | XOM: summons 5 hostile shadow creatures
  1784 | D:2      | XOM: draining
  2218 | D:2      | XOM: polymorph giant cockroach -> scorpion
  2224 | D:2      | XOM: harmless Tloc miscast
  2263 | D:2      | XOM is BORED!
  2263 | D:2      | XOM: summons 4 hostile shadow creatures
  2269 | D:2      | Slain by a kobold

Action                   |  1- 3 |  4- 6 || total
-------------------------+-------+-------++-------
Melee: Club              |     1 |       ||     1
       Spear             |    48 |    69 ||   117
 Fire: Bow               |    74 |    10 ||    84
Throw: Javelin           |    11 |       ||    11
 Cast: Slow              |     6 |     7 ||    13
       Corona            |     1 |       ||     1
  Use: Scroll            |     6 |       ||     6
       Potion            |     2 |     1 ||     3
